 Dungeon Crawl Stone Soup version 0.29-a0-275-g389c0b56f3 (webtiles) character file.

Game seed: 11481732297550602969

125 dr0g0th the Shield-Bearer (level 5, -3/33 HPs)
             Began as a Gargoyle Fighter on Mar 9, 2022.
             Slain by a gnoll
             ... wielding a +0 flail
              (4 damage)
             ... while paralysed by Grinder
             ... on level 4 of the Dungeon.
             The game lasted 00:03:00 (2578 turns).

dr0g0th the Shield-Bearer (Gargoyle Fighter)        Turns: 2578, Time: 00:03:00

Health: -3/33      AC: 11    Str: 19    XL:     5   Next: 9%
Magic:  5/5        EV:  2    Int:  9    God:
Gold:   138        SH:  0    Dex: 11    Spells: 4/4 levels left

rFire   . . .      SeeInvis .   a - +0 flail (drain)
rCold   . . .      Faith    .   c - +0 buckler
rNeg    + . .      Spirit   .   b - +0 scale mail
rPois   ∞          Reflect  .   (no helmet)
rElec   +          Harm     .   (no cloak)
rCorr   .          Rampage  .   (no gloves)
Will    .....                   (no boots)
Stlth   ..........              (no amulet)
HPRegen 0.11/turn               (no ring)
MPRegen 0.09/turn               (no ring)

@: paralysed, mighty, flying, hasted
A: sickness immunity, AC +4, negative energy resistance 1, electricity
resistance, torment resistance 1, petrification resistance
a: no special abilities


You were on level 4 of the Dungeon.
You visited 1 branch of the dungeon, and saw 4 of its levels.

You collected 138 gold pieces.

Inventory:

Hand Weapons
 a - a +0 flail of draining (weapon)
Armour
 b - a +0 scale mail (worn)
 c - a +0 buckler (worn)
 o - the +4 ring mail of the Chupacabra {rF+}
   (You found it on level 4 of the Dungeon)

   rF:        It protects you from fire.
Jewellery
 h - a ring of see invisible
Wands
 l - a wand of paralysis (7)
Scrolls
 e - 3 scrolls of identify {unknown}
 j - a scroll of acquirement {unknown}
 k - a scroll of noise {unknown}
 n - a scroll of teleportation {unknown}
Potions
 d - a potion of flight
 f - a potion of might
 i - a potion of curing {unknown}


   Skills:
 + Level 3.7 Fighting
 + Level 3.1 Maces & Flails
 + Level 4.1 Armour
 + Level 0.8 Dodging
 + Level 0.2 Stealth
 + Level 4.3 Shields


You had 4 spell levels left.
You didn't know any spells.
Your spell library contained the following spells:

 Spells                   Type           Power      Damage    Failure   Level
 Freeze                   Ice            0%         1d3       83%         1
 Corpse Rot               Necr/Air       0%         N/A       93%         2
 Static Discharge         Conj/Air       0%         N/A       93%         2
 Frozen Ramparts          Ice            0%         1d2       99%         3
 Dispel Undead            Necr           0%         3d6       100%        4
 Hailstorm                Conj/Ice       0%         3d3       100%        4
 Lightning Bolt           Conj/Air       0%         1d11      100%        5
 Death Channel            Necr           0%         N/A       100%        6
 Maxwell's Capacitive Co  Air            0%         ∞         100%        8


Dungeon Overview and Level Annotations

Branches:
Dungeon (4/15)
 Temple: D:4-7

Altars:

Shops:
D:1 (

Annotations:
D:4 Grinder


Innate Abilities, Weirdness & Mutations

You are immune to sickness and miasma.
Your stone body is resilient. (AC +4)
You are immune to poison.
You resist negative energy. (rN+)
You are resistant to electric shocks. (rElec)
You are resistant to unholy torment.
You are immune to petrification.


Message History

The gnoll hits you but does no damage.
Grinder drinks a potion.
Grinder seems to speed up.
Unknown command.
You block Grinder's attack. The gnoll barely misses you.
You closely miss Grinder.
Grinder blinks!
Grinder barely misses you.
A gnoll opens the door.
You block the gnoll's attack.
You bludgeon Grinder!!
Grinder is heavily wounded.
Grinder hits you.
You writhe in agony.
You block the gnoll's attack. Grinder gestures at you.
You barely resist. You barely miss Grinder.
Grinder is heavily wounded.
Grinder hits you but does no damage. The gnoll barely misses you.
Grinder hits you.
You writhe in agony.
The gnoll misses you. The gnoll hits you but does no damage.
Okay, then.
It was a potion of flight.
You feel very buoyant.
You fly up into the air.
Grinder closely misses you. The gnoll hits you with a +0 whip.
You block the gnoll's attack.
A gnoll comes into view. It is wielding a +0 flail.
It was a potion of heal wounds.
You feel much better.
Grinder barely misses you. x2; The gnoll hits you with a +0 whip.
The gnoll hits you with a +0 halberd.
You feel yourself speed up. Grinder gestures at you.
Pain shoots through your body! The gnoll barely misses you. x2
You barely miss the gnoll. Grinder gestures at you.
You suddenly lose the ability to move!
Grinder hits you.
You writhe in agony.
The gnoll hits you with a +0 whip. The gnoll hits you with a +0 halberd.
* * * LOW HITPOINT WARNING * * *
Grinder gestures at you. Pain shoots through your body!
* * * LOW HITPOINT WARNING * * *
Grinder hits you but does no damage. The gnoll hits you with a +0 whip.
* * * LOW HITPOINT WARNING * * *
The gnoll hits you with a +0 flail.
You die...

#.....+..........#.......#
#.<...#..........'.).....+
#.....#..........#.......#
#.....#..........##.....##
#.....#....##....# .....#
#.....#....##....# .......
......#..........#........
.......#.......5.g'........
.#.#...#........@g# .......
##...##..g## #### #...#
...... ....... ..........
.......... ...........


You could see Grinder (fast) and 3 gnolls.

Vanquished Creatures
  Ijyb (D:4)
  2 adders (D:2)
  2 worms (D:3)
  3 dart slugs
  6 endoplasms
  7 giant cockroaches
  4 goblins
  10 jackals
  8 kobolds
  2 quokkas
  3 ball pythons
  5 bats
  11 frilled lizards
  3 rats
67 creatures vanquished.

Notes
Turn   | Place    | Note
-------+----------+-------------------------------------------
     0 | D:1      | dr0g0th the Gargoyle Fighter began the quest for the Orb.
     0 | D:1      | Reached XP level 1. HP: 14/14 MP: 1/1
    36 | D:1      | Reached XP level 2. HP: 13/19 MP: 2/2
   358 | D:1      | Found a faded altar of an unknown god.
   617 | D:1      | Reached XP level 3. HP: 23/23 MP: 3/3
   688 | D:1      | Found Qoemuqut's Weapon Shop.
  1413 | D:2      | Reached XP level 4. HP: 27/28 MP: 4/4
  2543 | D:4      | Noticed Ijyb
  2557 | D:4      | Killed Ijyb
  2558 | D:4      | Reached XP level 5. HP: 24/33 MP: 5/5
  2563 | D:4      | Noticed Grinder
  2566 | D:4      | Identified the +4 ring mail of the Chupacabra {rF+}
  2576 | D:4      | Paralysed by Grinder for 4 turns
  2578 | D:4      | HP: 1/33 [gnoll/+0 whip (3)]
  2578 | D:4      | Slain by a gnoll

Illustrated notes

Levels and vault maps discovered:
D:1:      amcnicky_arrival_double_pillar, layout_rooms, serial_shops,
          nicolae_shop_bloodbath_and_beyond, basic_ecumenical_altar,
          minmay_split_cup_small
D:2:      layout_loops_ring
D:3:      layout_loops_ring, minmay_pentomino_pile
D:4:      layout_gridville, mainiacjoe_overflow_cross_hatched,
          ashenzari_conservatory_becter, temple_hall, glass_columns_a,
          uniq_ijyb, uniq_grinder

Skill      XL: |  1  2  3  4 |
---------------+-------------+-----
Shields        | 4 |  4.3
Maces & Flails | 3 |  3.1
Armour         | 4 |  4.1
Fighting       | |  3.7
Dodging        | |  0.8
Stealth        | |  0.2

Action                   |  1- 3 |  4- 6 || total
-------------------------+-------+-------++-------
Melee: Flail             |   130 |    82 ||   212
  Use: Potion            |     1 |     4 ||     5
       Scroll            |     4 |       ||     4
Armor: Scale mail        |    73 |    36 ||   109
Dodge: Dodged            |    62 |    47 ||   109
Block: Buckler           |    39 |    19 ||    58

Table legend: (Time is in decaauts)
 A = Elapsed time spent in this place.
 B = Non-inter-level travel time spent in this place.
 C = Inter-level travel time spent in this place.
 D = Time resting spent in this place.
 E = Time spent auto-exploring this place.
 F = Levels seen in this place.
 G = Mean time per level.
                   A        B        C        D        E       F      G
               +--------+--------+--------+--------+--------+-----+--------+
         Total |   2644 |   2574 |     70 |    161 |   1895 |   4 |  661.0 |
       Dungeon |   2644 |   2574 |     70 |    161 |   1895 |   4 |  661.0 |
               +--------+--------+--------+--------+--------+-----+--------+

Top non-repeatable levels by time:
     D:2: 898 daAuts
     D:3: 875 daAuts
     D:1: 805 daAuts
     D:4: 65 daAuts
